 Dungeon Crawl Stone Soup version 0.30-a0-939-gc8157cb160 (webtiles) character file.

Game seed: 13443179550787350438

9 cforsyth the Trooper (level 2, 0/16 HPs)
             Began as a Vine Stalker Fighter on Mar 25, 2023.
             Slain by a quokka (2 damage)
             ... on level 1 of the Dungeon.
             The game lasted 00:00:25 (162 turns).

cforsyth the Trooper (Vine Stalker Fighter)          Turns: 162, Time: 00:00:25

Health: 0/16       AC:  6    Str: 18    XL:     2   Next: 12%
Magic:  0/3        EV:  9    Int:  8    God:
Gold:   0          SH:  4    Dex: 13    Spells: 1/1 levels left

rFire   . . .      SeeInvis .    a - +0 rapier
rCold   . . .      Faith    .    c - +0 buckler
rNeg    . . .      Spirit   +    b - +0 scale mail
rPois   .          Reflect  .    (no helmet)
rElec   .          Rampage  .    (no cloak)
rCorr   .                        (no gloves)
Will    .....                    (no boots) Stlth
                                 (no amulet)
HPRegen 0.22/turn                (no ring)
MPRegen 0.08/turn                (no ring)

@: no status effects
A: fangs 2, magic shield, antimagic bite, no potion heal 2
a: no special abilities


You were on level 1 of the Dungeon.
You visited 1 branch of the dungeon, and saw 1 of its levels.

Inventory:

Hand Weapons
 a - a +0 rapier (weapon)
Armour
 b - a +0 scale mail (worn)
 c - a +0 buckler (worn)
Scrolls
 f - a scroll of poison {unknown}
Potions
 d - a potion of might
 e - a potion of mutation {unknown}


   Skills:
 + Level 2.8 Fighting
 + Level 2.0 Short Blades
 + Level 2.5 Armour
 + Level 2.8 Shields


You had one spell level left.
You didn't know any spells.
Your spell library contained the following spells:

 Spells                   Type           Power      Damage    Failure   Level
 Ensorcelled Hibernation  Hex/Ice        0%         N/A       95%         2
 Spider Form              Tmut/Pois      0%         N/A       99%         3
 Anguish                  Hex/Necr       0%         N/A       100%        4


Dungeon Overview and Level Annotations

Branches:
Dungeon (1/15)

Altars:


Innate Abilities, Weirdness & Mutations

You have extremely sharp teeth.
When hurt, damage is shared between your health and your magic reserves.
Your bite disrupts and absorbs the magic of your enemies.
Potions cannot restore your health.


Message History

You kill the dart slug!
The quokka bites you but does no damage.
The kobold barely misses you. The rat bites you but does no damage.
Your Short Blades skill increases to level 2!
You have reached level 2!
You hit the kobold.
The kobold is heavily wounded.
The quokka closely misses you. The kobold closely misses you.
The rat bites you. The quokka bites you.
You hit the kobold but do no damage. Your bite misses the kobold.
The kobold is heavily wounded.
The quokka bites you but does no damage.
The kobold barely misses you. The rat bites you but does no damage.
You barely miss the kobold. Your bite misses the kobold.
The kobold is heavily wounded.
You block the quokka's attack. The kobold hits you with a +0 club.
You block the rat's attack. The quokka closely misses you.
You are too injured to fight recklessly!
You are too injured to fight recklessly!
You are too injured to fight recklessly!
You are too injured to fight recklessly!
You are too injured to fight recklessly!
You are too injured to fight recklessly!
You are too injured to fight recklessly!
You are too injured to fight recklessly!
The kobold closely misses you. The rat bites you but does no damage.
The rat attacks as you move away! The rat bites you.
* * * LOW HITPOINT WARNING * * *
The quokka attacks as you move away! You block the quokka's attack.
The kobold attacks as you move away! The kobold hits you with a +0 club.
* * * LOW HITPOINT WARNING * * *
The quokka attacks as you move away! The quokka closely misses you.
The kobold attacks as you move away! The kobold hits you with a +0 club.
* * * LOW HITPOINT WARNING * * *
Unknown command.
The quokka bites you but does no damage.
The quokka attacks as you move away! You block the quokka's attack.
The quokka bites you but does no damage.
The quokka attacks as you move away! The quokka bites you.
You die...

#.##......... ............
#.......... .####.$........
..........)....
#.#.#..........
#............
.#..#######.......#..
.....#..........@r.###.#####
#
..^.........######.Kr..?..#
PPPPP........# ###.)....#
PPPPP........# ##.....#
.PPPP........# ###.....#
P.PPP........# #.......#
P..PP........# ##.#.....#
PP.....).....#####..#.....>#
.P..†..............##....).#


You could see a quokka, a kobold and a rat.

Vanquished Creatures
  2 dart slugs (D:1)
  A goblin (D:1)
  A quokka (D:1)
  A rat (D:1)
5 creatures vanquished.

Vanquished Creatures (others)
  18 plants (D:1)
18 creatures vanquished.

Grand Total: 23 creatures vanquished

Notes
Turn   | Place    | Note
-------+----------+-------------------------------------------
     0 | D:1      | cforsyth the Vine Stalker Fighter began the quest for the
                  | Orb.
     0 | D:1      | Reached XP level 1. HP: 11/11 MP: 2/2
   109 | D:1      | Found a faded altar of an unknown god.
   149 | D:1      | Reached XP level 2. HP: 11/16 MP: 0/3
   162 | D:1      | Slain by a quokka

Illustrated notes

Levels and vault maps discovered:
D:1:      roderic_crop_circles_arrival_small, layout_rooms,
          shapermc_ecumenical_altar_pompeii, dreamdust_wishing_well,
          grunt_decor_mini_mirrors

Skill      XL: |  1 |
---------------+----+-----
Short Blades   | 2 |  2.0
Fighting       | |  2.8
Armour         | |  2.5
Shields        | |  2.8

Action                     || total
---------------------------++-------
  Melee: Rapier            ||    30
         Bite              ||     6
 Armour: Scale mail        ||    22
  Dodge: Dodged            ||    23
  Block: Buckler           ||     7

Table legend: (Time is in decaauts)
 A = Elapsed time spent in this place.
 B = Non-inter-level travel time spent in this place.
 C = Inter-level travel time spent in this place.
 D = Time resting spent in this place.
 E = Time spent auto-exploring this place.
 F = Levels seen in this place.
 G = Mean time per level.
                   A        B        C        D        E       F      G
               +--------+--------+--------+--------+--------+-----+--------+
         Total |    166 |    166 |      0 |      0 |     90 |   1 |  166.0 |
       Dungeon |    166 |    166 |      0 |      0 |     90 |   1 |  166.0 |
               +--------+--------+--------+--------+--------+-----+--------+

Top non-repeatable levels by time:
     D:1: 166 daAuts
